 Dungeon Crawl Stone Soup version 0.31-a0-705-ga145531891 (webtiles) character file.

Game seed: 12257845023233961387

2884 porpoise the Covert (level 9, -11/47 HPs)
             Began as a Vine Stalker Brigand on Sept 10, 2023.
             Mangled by a two-headed ogre
             ... wielding a +0 giant club
              (15 damage)
             ... on level 7 of the Dungeon.
             The game lasted 00:14:33 (6129 turns).

porpoise the Covert (Vine Stalker Brigand)          Turns: 6129, Time: 00:14:34

Health: -11/47     AC:  7    Str: 14    XL:     9   Next: 76%
Magic:  0/10       EV: 10    Int: 11    God:
Gold:   364        SH:  0    Dex: 20    Spells: 8/8 levels left

rFire   . . .        a - +1 dagger (venom)
rCold   . . .        (no shield)
rNeg    . . .        l - +0 ring mail
rPois   .            (no helmet)
rElec   .            c - +0 cloak
rCorr   +            g - +0 pair of gloves
SInv    .            (no boots)
Will    +....        (no amulet)
Stlth   ++++         y - ring of resist corrosion
HPRegen 1.07/turn    (no ring)
MPRegen 0.12/turn

%: guardian spirit
@: no status effects
A: fangs 3, regeneration 1, magic shield, antimagic bite, no potion heal 2
a: no special abilities


You were on level 7 of the Dungeon.
You visited 2 branches of the dungeon, and saw 8 of its levels.

You collected 364 gold pieces.

Inventory:

Hand Weapons
 a - a +1 dagger of venom (weapon)
 o - a +2 dagger
Missiles
 d - 15 poisoned darts (quivered)
 e - 3 curare-tipped darts
 t - a throwing net
 u - 2 boomerangs
Armour
 c - a +0 cloak (worn)
 g - a +0 pair of gloves (worn)
 l - a +0 ring mail (worn)
Jewellery
 y - a ring of resist corrosion (left hand)
Wands
 q - a wand of digging (9)
 D - a wand of mindburst (21)
Scrolls
 f - a scroll of fear
 h - a scroll of enchant armour {unknown}
 i - a scroll of revelation {unknown}
 k - a scroll of torment
 n - a scroll of poison {unknown}
 p - a scroll of immolation {unknown}
 w - a scroll of amnesia {unknown}
 z - a scroll of teleportation {unknown}
 C - a scroll of blinking {unknown}
Potions
 b - a potion of brilliance {unknown}
 j - 5 potions of attraction
 m - 3 potions of curing {unknown}
 r - a potion of enlightenment {unknown}
 s - 2 potions of cancellation {unknown}
 v - 3 potions of might
 x - a potion of invisibility {unknown}
 A - 2 potions of haste {unknown}
 B - a potion of berserk rage {unknown}
 E - a potion of mutation {unknown}
 F - a potion of ambrosia {unknown}


   Skills:
 - Level 5.0 Fighting
 * Level 8.8 Short Blades
 - Level 1.7 Throwing
 + Level 3.1 Armour
 - Level 0.7 Dodging
 + Level 9.9 Stealth


You had 8 spell levels left.
You didn't know any spells.
Your spell library contained the following spells:

 Spells                   Type           Power      Damage    Failure   Level
 Poisonous Vapours        Pois/Air       0%         N/A       71%         2
 Mephitic Cloud           Conj/Pois/Air  0%         N/A       91%         3
 Freezing Cloud           Conj/Ice/Air   0%         6-21      100%        5


Dungeon Overview and Level Annotations

Branches:
Dungeon (7/15)             Temple (1/1) D:4

Altars:
Cheibriados
Elyvilon
Fedhas
Gozag
Hepliaklqana
Kikubaaqudgha
Makhleb
Okawaru
Qazlal
Ru
Sif Muna
Trog
Vehumet
Wu Jian
Zin
The Shining One

Shops:
D:4 (


Innate Abilities, Weirdness & Mutations

You have razor-sharp teeth.
Your natural rate of healing is unusually fast.
When hurt, damage is shared between your health and your magic reserves.
Your bite disrupts and absorbs the magic of your enemies.
Potions cannot restore your health.


Message History

The two-headed ogre is lightly wounded.
You hit the two-headed ogre.
The two-headed ogre looks as sick as possible!
You bite the two-headed ogre. You drain its power.
The two-headed ogre is lightly wounded.
The two-headed ogre hits you with a +0 giant club.
The two-headed ogre hits you with a +0 giant club!
You hit the two-headed ogre.
The two-headed ogre looks as sick as possible!
You bite the two-headed ogre. You drain its power.
You feel invigorated.
The two-headed ogre is moderately wounded.
You hit the two-headed ogre but do no damage.
The two-headed ogre looks as sick as possible!
You bite the two-headed ogre. You drain its power.
You feel invigorated.
The two-headed ogre is moderately wounded.
The two-headed ogre hits you with a +0 giant club.
The two-headed ogre misses you.
You hit the two-headed ogre. You bite the two-headed ogre. You drain its power.
You feel invigorated.
The two-headed ogre is heavily wounded.
You hit the two-headed ogre.
The two-headed ogre looks as sick as possible!
The two-headed ogre is heavily wounded.
You hit the two-headed ogre but do no damage.
The two-headed ogre looks as sick as possible!
You bite the two-headed ogre, but do no damage.
The two-headed ogre is heavily wounded.
The two-headed ogre hits you with a +0 giant club!! x2
* * * LOW HITPOINT WARNING * * *
You hit the two-headed ogre.
The two-headed ogre looks as sick as possible!
You bite the two-headed ogre. You drain its power.
You feel invigorated.
The two-headed ogre is heavily wounded.
You barely miss the two-headed ogre.
The two-headed ogre is heavily wounded.
You barely miss the two-headed ogre. You bite the two-headed ogre!
You drain its power.
You feel invigorated.
The two-headed ogre is severely wounded.
The two-headed ogre hits you with a +0 giant club!!
You die...

..#. ...##
......####
.........
#.#.#.#.# #
#.#.#.#.#.###.###
#.#.#.#........).
#.#.#.#..@O.....#
#.#.#.#.#.###.#.#
# #.......#.# #.
#...#.###.# ##.#
#...#.# #.#
#...####...#.###.#
#.............#
##.###.########
##.##.#


You could see a two-headed ogre (extremely poisoned).

Vanquished Creatures
  Pikel (D:6)
  A hornet (D:4)
  A water moccasin (D:6)
  2 sky beasts
  2 black bears (D:6)
  2 ogres
  3 centaurs
  A lemure (D:6)
  A phantom (D:6)
  A bullfrog (D:7)
  5 scorpions
  A howler monkey (D:4)
  3 jellies
  4 orc priests
  2 hounds (D:6)
  Jessica (D:2)
  8 iguanas
  3 orc wizards
  11 adders
  9 gnolls
  A shadow imp (D:6)
  2 white imps
  4 worms
  3 dart slugs
  12 orcs
  7 ball pythons
  3 bats
  6 endoplasms
  3 giant cockroaches
  5 hobgoblins
  3 quokkas
  4 frilled lizards
  12 goblins
  9 kobolds
  2 rats
138 creatures vanquished.

Notes
Turn   | Place    | Note
-------+----------+-------------------------------------------
     0 | D:1      | porpoise the Vine Stalker Brigand began the quest for the
                  | Orb.
     0 | D:1      | Reached XP level 1. HP: 11/11 MP: 2/2
   221 | D:1      | Reached skill level 5 in Stealth
   221 | D:1      | Reached XP level 2. HP: 15/15 MP: 3/3
   382 | D:1      | Reached XP level 3. HP: 18/18 MP: 4/4
   959 | D:1      | Found a faded altar of an unknown god.
  1157 | D:2      | Reached XP level 4. HP: 23/23 MP: 5/5
  1202 | D:2      | Noticed Jessica
  1215 | D:2      | Killed Jessica
  2175 | D:3      | Reached XP level 5. HP: 27/27 MP: 6/6
  2461 | D:3      | Noticed a centaur
  2475 | D:3      | Killed a centaur
  2476 | D:3      | Reached skill level 6 in Stealth
  2679 | D:3      | Reached XP level 6. HP: 19/32 MP: 7/7
  3200 | D:4      | Noticed a hornet
  3203 | D:4      | Killed a hornet
  3204 | D:4      | Reached skill level 5 in Short Blades
  3204 | D:4      | Reached skill level 7 in Stealth
  3204 | D:4      | Reached XP level 7. HP: 37/37 MP: 8/8
  3525 | D:4      | Gained mutation: You have razor-sharp teeth. [Vine Stalker
                  | growth]
  3525 | D:4      | Reached XP level 8. HP: 34/42 MP: 9/9
  3675 | D:4      | Found a staircase to the Ecumenical Temple.
  3711 | Temple   | Entered the Ecumenical Temple
  3755 | D:4      | Found Neostriru's Weapon Emporium.
  3866 | D:5      | Entered Level 5 of the Dungeon
  4165 | D:5      | Reached skill level 8 in Stealth
  4172 | D:5      | Found a glowing golden altar of the Shining One.
  4673 | D:5      | Reached skill level 5 in Fighting
  4953 | D:6      | Reached skill level 1 in Armour
  4972 | D:6      | Found a blossoming altar of Fedhas.
  4972 | D:6      | Found a bloodstained altar of Trog.
  4978 | D:6      | Found an ancient bone altar of Kikubaaqudgha.
  4980 | D:6      | Found a stormy altar of Qazlal.
  4982 | D:6      | Found a radiant altar of Vehumet.
  5033 | D:6      | Reached XP level 9. HP: 41/47 MP: 5/10
  5330 | D:6      | Reached skill level 9 in Stealth
  5419 | D:6      | Noticed Pikel
  5463 | D:6      | Killed Pikel
  6082 | D:7      | Found an ornate altar of the Wu Jian Council.
  6114 | D:7      | Noticed a two-headed ogre
  6126 | D:7      | HP: 2/47 [two-headed ogre/+0 giant club (15)]
  6129 | D:7      | Mangled by a two-headed ogre

Illustrated notes

Levels and vault maps discovered:
D:1:      dpeg_arrival_shrine, layout_basic, shapermc_ecumenical_altar_petra,
          minmay_hexomino_f4
D:2:      layout_basic, kennysheep_minor_cross, kennysheep_cross_room,
          roderic_nine_men_s_morris, uniq_jessica
D:3:      layout_basic
D:4:      layout_basic, minmay_temple_entry_nine_rooms, serial_shops,
          nicolae_shop_trees
D:5:      layout_basic, kennysheep_mini, amcnicky_mini_corridor_feature,
          hangedman_abyss_or_decor_stabs
D:6:      layout_layer_cave, chequers_temple_overflow_minitemple, uniq_pikel
D:7:      layout_loops_ring, mainiacjoe_overflow_chevrons,
          minmay_fire_ice_demons
Temple:   dpeg_three_leaves_temple

Skill      XL: |  1  2  3  4  5  6  7  8  9 |
---------------+----------------------------+-----
Short Blades   | 2 3 4 5 7 8 |  8.8
Fighting       | 2 3 4 5 |  5.0
Stealth        | 5 6 7 8 9 |  9.9
Armour         | 1 3 |  3.1
Throwing       | |  1.7
Dodging        | |  0.7

Action                     |  1- 3 |  4- 6 |  7- 9 || total
---------------------------+-------+-------+-------++-------
  Melee: Dagger            |    81 |   120 |   279 ||   480
         Bite              |    17 |    36 |   104 ||   157
         Punch             |       |     2 |     1 ||     3
    Use: Scroll            |     1 |     2 |     3 ||     6
   Stab: Sleeping          |     7 |     9 |    20 ||    36
 Armour: Robe              |    10 |       |       ||    10
         Ring mail         |     4 |    58 |   148 ||   210
  Dodge: Dodged            |    31 |    55 |    91 ||   177

Table legend: (Time is in decaauts)
 A = Elapsed time spent in this place.
 B = Non-inter-level travel time spent in this place.
 C = Inter-level travel time spent in this place.
 D = Time resting spent in this place.
 E = Time spent auto-exploring this place.
 F = Levels seen in this place.
 G = Mean time per level.
                   A        B        C        D        E       F      G
               +--------+--------+--------+--------+--------+-----+--------+
         Total |   5996 |   5837 |    159 |    645 |   4013 |   8 |  749.5 |
       Dungeon |   5994 |   5836 |    158 |    645 |   4013 |   7 |  856.3 |
        Temple |      1 |      0 |      1 |      0 |      0 |   1 |    1.0 |
               +--------+--------+--------+--------+--------+-----+--------+

Top non-repeatable levels by time:
     D:6: 1221 daAuts
     D:2: 1111 daAuts
     D:1: 1001 daAuts
     D:3: 949 daAuts
     D:5: 857 daAuts
     D:4: 746 daAuts
     D:7: 107 daAuts
  Temple: 1 daAuts
